 Dungeon Sprint DCSS version 0.21.0-24-g2553a33 (webtiles) character file.

6722 letownia2 the Brawler (level 10, -5/111 HPs)
             Began as a Troll Wizard on Jan 20, 2018.
             Was an Initiate of Gozag.
             Killed from afar by Sigmund (35 damage)
             ... with a bolt of fire
             ... in the Dungeon (Sprint III: "The Ten Rune Challenge").
             The game lasted 00:10:54 (1515 turns).

letownia2 the Brawler (Troll Wizard)                Turns: 1515, Time: 00:10:55

Health: -5/111     AC:  4    Str: 17    XL:     10   Next: 74%
Magic:  9/15       EV: 10    Int: 19    God:    Gozag
Gold:   4943       SH:  0    Dex:  8    Spells: 6/17 levels left

rFire    . . .     SeeInvis .     - Unarmed
rCold    . . .     Gourm    +   (no shield)
rNeg     . . .     Faith    .   a - +0 robe
rPois    .         Spirit   .   b - +0 hat
rElec    .         Reflect  .   (no cloak)
rCorr    .         Harm     .   (gloves unavailable)
MR       .....     NoTele   +   (boots unavailable)
Stlth    +.........             (no amulet)
HPRegen  0.68/turn              (no ring)
MPRegen  0.14/turn              (no ring)

@: no status effects
A: large, unfitting armour, claws 3, clever 1, deformed body, fast metabolism 3,
gourmand, regeneration 1, shaggy fur 1, tough skin 2
a: Potion Petition, Call Merchant, Bribe Branch, Renounce Religion


You were in the Dungeon.
You worshipped Gozag.
Gozag was most pleased with you.
You were not hungry.

You visited 1 branch You collected 12029 gold pieces.
You paid 7086 gold pieces to Gozag.

Inventory:

Missiles
 w - 3 throwing nets (quivered)
Armour
 a - a +0 robe (worn)
 b - a +0 hat (worn)
Wands
 k - a wand of digging (18)
 u - a wand of polymorph (5)
Scrolls
 j - 2 scrolls of blinking
 l - a scroll of holy word
 n - 2 scrolls of remove curse
Potions
 e - a potion of curing
 f - 2 potions of heal wounds
 g - a potion of haste
 h - 2 potions of magic
 o - a potion of agility
 q - a potion of cancellation {unknown}
 r - a potion of degeneration {unknown}
 s - 3 potions of mutation
Books
 c - a book of Minor Magic

   Spells                             Type                      Level
   a - Magic Dart                     Conjuration                  1
   b - Blink                          Translocation                2
   c - Call Imp                       Summoning                    2
   d - Slow                           Hexes                        2
   e - Conjure Flame                  Conjuration/Fire             3
   f - Mephitic Cloud                 Conjuration/Poison/Air       3
 v - a book of Cantrips

   Spells                             Type                      Level
   a - Confusing Touch                Hexes                        1
   b - Animate Skeleton               Necromancy                   1
   c - Summon Small Mammal            Summoning                    1
   d - Apportation                    Translocation                1
Miscellaneous
 t - a lamp of fire
Comestibles
 d - 3 rations


   Skills:
 - Level 10.4 Fighting
 - Level 3.5 Dodging
 - Level 1.0 Stealth
 * Level 17.8 Unarmed Combat
 - Level 4.3 Spellcasting
 - Level 4.2 Conjurations
 - Level 2.7 Hexes
   Level 0.6 Summonings
 - Level 2.5 Translocations
 - Level 3.1 Fire Magic
 - Level 2.8 Air Magic
 - Level 3.1 Poison Magic


You had 6 spell levels left.
You knew the following spells:

 Your Spells              Type           Power        Failure   Level  Hunger
a - Magic Dart            Conj           ###.         2%          1    None
b - Blink                 Tloc           N/A          7%          2    #......
c - Conjure Flame         Conj/Fire      ###.....     9%          3    ###....
d - Confusing Touch       Hex            ##....       4%          1    None
e - Mephitic Cloud        Conj/Pois/Air  ###.....     10%         3    ###....
f - Apportation           Tloc           ##....       4%          1    None


Dungeon Overview and Level Annotations

Branches:
Dungeon (1/1)

Altars:
Cheibriados
Dithmenos
Elyvilon
Fedhas
Gozag
Hepliaklqana
Kikubaaqudgha
Makhleb
Nemelex Xobeh
Okawaru
Qazlal
Ru
Sif Muna
Trog
Uskayaw
Vehumet
Wu Jian
Xom
Yredelemnul
Zin
The Shining One
Beogh
Jiyva
Lugonu

Shops:
D [[%:*=[[

Annotations:
D Edmund, Sigmund


Innate Abilities, Weirdness & Mutations

You are too large for most types of armour.
You have claws for hands.
Your metabolism is lightning-fast.
You like to eat raw meat.
Your natural rate of healing is unusually fast.
You are covered in fur. (AC +1)
You have very tough skin. (AC +2)
Your mind is acute. (Int +2)
Armour fits poorly on your strangely shaped body.


Message History

Unknown command.
Sigmund is engulfed in blazing flames.
Sigmund hits you with a scythe of distortion.
* * * LOW HITPOINT WARNING * * *
Unknown command.
Unknown command.
Unknown command.
You mangle Sigmund!!
Sigmund is heavily wounded.
Unknown command.
You claw Sigmund!
Sigmund is heavily wounded.
Unknown command.
You mangle Sigmund!!
Sigmund is severely wounded.
Sigmund is engulfed in blazing flames.
Sigmund casts a spell at you. The bolt of fire hits you!
You die...
Your body crumbles into a pile of gold.

#..#..###'#'###[##.....∩∩∩###)#..
##'#..#......)...#...[.∩∩.###.#..
###...).⌠.......)#.#.∩..##.##.'..
###...#...######'#..#[###.#######
##....#.⌠.#__#...#)##############
#.....#...#__#...#.[..#.#.#..[).#
......#'###__#...##)#@.#.##.###.#
#.....#.).#__#..[@##(#.#.##.#..##
##....#___#__'.)@#...#..#..##..'.
▓▓▓▓▓▓▓▓▓▓▓▓▓▓▓▓▓▓▓▓▓▓▓▓▓▓▓▓▓▓#.
♣♣≈≈≈........≈≈≈...#.
+♣♣'♣≈≈≈≈≈≈≈≈≈≈≈≈♣♣..'(
#.≈♣♣♣♣♣♣♣♣♣♣♣♣♣♣♣♣PP#. #∩∩♣
♣♣♣## ###+ #. $$#. $$#.


You could see Sigmund.

Vanquished Creatures
  Erolcha (D)
  An orc high priest (D)
  A deep elf knight (D)
  5 deep elf magi (D)
  2 spiny frogs (D)
  A komodo dragon (D)
  2 redbacks (D)
  A shadow (D)
  A spatial vortex (D)
  An orc warrior (D)
  A necrophage (D)
  5 two-headed ogres (D)
  A water elemental (D)
  3 wandering mushrooms (D)
  A jelly (D)
  An orc priest (D)
  A wizard (D)
  2 orc wizards (D)
  Jessica (D)
  A necromancer (D)
  A kobold demonologist (D)
  3 humans (D)
  A wolf (D)
  2 oozes (D)
  13 orcs (D)
  A rat (D)
54 creatures vanquished.

Vanquished Creatures (others)
  2 draconian scorchers (D)
  6 hellions (D)
  A yaktaur (D)
  2 plants (D)
11 creatures vanquished.

Grand Total: 65 creatures vanquished

Notes
Turn   | Place    | Note
-------+----------+-------------------------------------------
     0 | D        | letownia2 the Troll Wizard began the quest for the Orb.
     0 | D        | Reached XP level 1. HP: 16/16 MP: 2/2
    11 | D        | Reached skill level 1 in Fighting
    11 | D        | Reached skill level 2 in Unarmed Combat
    14 | D        | Reached skill level 3 in Unarmed Combat
    14 | D        | Reached XP level 2. HP: 28/28 MP: 4/4
    27 | D        | Noticed Jessica
    37 | D        | Killed Jessica
    37 | D        | Reached skill level 4 in Unarmed Combat
    37 | D        | Reached XP level 3. HP: 25/35 MP: 6/6
    46 | D        | Learned a level 3 spell: Mephitic Cloud
    50 | D        | Learned a level 3 spell: Conjure Flame
    80 | D        | Reached skill level 1 in Conjurations
    92 | D        | Reached skill level 1 in Fire Magic
    92 | D        | Reached skill level 1 in Air Magic
    92 | D        | Reached skill level 1 in Poison Magic
    92 | D        | Reached XP level 4. HP: 42/42 MP: 4/7
   100 | D        | Killed a hellion
   129 | D        | Gained mutation: Armour fits poorly on your strangely shaped body. [potion of mutation]
   129 | D        | Gained mutation: Your mind is acute. (Int +2) [potion of mutation]
   131 | D        | Killed a yaktaur
   137 | D        | Noticed a water elemental
   140 | D        | Killed a hellion
   140 | D        | Killed a water elemental
   140 | D        | Reached skill level 7 in Unarmed Combat
   142 | D        | Killed a hellion
   142 | D        | Killed a hellion
   142 | D        | Killed a hellion
   179 | D        | Found a glowing silver altar of Zin.
   179 | D        | Found a glowing golden altar of the Shining One.
   179 | D        | Found a white marble altar of Elyvilon.
   201 | D        | Killed a white draconian scorcher
   201 | D        | Killed a hellion
   212 | D        | Noticed a deep elf mage
   235 | D        | Killed a deep elf mage
   235 | D        | Reached skill level 9 in Unarmed Combat
   235 | D        | Reached XP level 5. HP: 53/53 MP: 3/9
   235 | D        | Reached XP level 6. HP: 61/61 MP: 3/10
   235 | D        | Reached XP level 7. HP: 67/67 MP: 3/11
   239 | D        | Learned a level 2 spell: Blink
   246 | D        | Killed a white draconian scorcher
   302 | D        | Noticed a shadow
   306 | D        | Killed a shadow
   306 | D        | Reached skill level 1 in Translocations
   308 | D        | Reached skill level 10 in Unarmed Combat
   316 | D        | Found a blossoming altar of Fedhas.
   316 | D        | Found a stormy altar of Qazlal.
   317 | D        | Found a snail-covered altar of Cheibriados.
   317 | D        | Found a burning altar of Makhleb.
   317 | D        | Found a hazy altar of Hepliaklqana.
   317 | D        | Found a shimmering altar of Xom.
   317 | D        | Found an opulent altar of Gozag.
   317 | D        | Found a sparkling altar of Nemelex Xobeh.
   317 | D        | Found a corrupted altar of Lugonu.
   317 | D        | Found a viscous altar of Jiyva.
   317 | D        | Noticed a spatial vortex
   321 | D        | Became a worshipper of Gozag Ym Sagoz the Greedy
   372 | D        | Killed a spatial vortex
   468 | D        | Found a basalt altar of Yredelemnul.
   468 | D        | Found a shadowy altar of Dithmenos.
   468 | D        | Found a sacrificial altar of Ru.
   479 | D        | Reached skill level 11 in Unarmed Combat
   486 | D        | Reached XP level 8. HP: 37/79 MP: 3/13
   540 | D        | Found a hide-covered altar of Uskayaw.
   540 | D        | Found an iron altar of Okawaru.
   541 | D        | Found a roughly hewn altar of Beogh.
   541 | D        | Found a bloodstained altar of Trog.
   541 | D        | Found an ornate altar of the Wu Jian Council.
   565 | D        | Reached skill level 5 in Fighting
   565 | D        | Reached skill level 12 in Unarmed Combat
   614 | D        | Found a radiant altar of Vehumet.
   620 | D        | Found a deep blue altar of Sif Muna.
   620 | D        | Found an ancient bone altar of Kikubaaqudgha.
   639 | D        | Learned a level 1 spell: Confusing Touch
   641 | D        | Learned a level 1 spell: Apportation
   669 | D        | Noticed a two-headed ogre
   676 | D        | Noticed Erolcha
   680 | D        | Killed a two-headed ogre
   680 | D        | Reached skill level 1 in Hexes
   682 | D        | Killed Erolcha
   682 | D        | Reached skill level 13 in Unarmed Combat
   682 | D        | Reached XP level 9. HP: 79/92 MP: 7/14
   687 | D        | Noticed a two-headed ogre
   698 | D        | Killed a two-headed ogre
   700 | D        | Reached skill level 14 in Unarmed Combat
   923 | D        | Noticed an orc high priest
   943 | D        | Killed an orc high priest
   943 | D        | Reached skill level 15 in Unarmed Combat
  1044 | D        | Found Roelead's Food Shop.
  1147 | D        | Noticed a deep elf mage
  1147 | D        | Noticed a deep elf mage
  1147 | D        | Noticed a deep elf mage
  1147 | D        | Noticed a deep elf knight
  1147 | D        | Noticed a deep elf mage
  1156 | D        | Killed a deep elf mage
  1156 | D        | Reached XP level 10. HP: 106/106 MP: 8/15
  1157 | D        | Killed a deep elf mage
  1157 | D        | Reached skill level 16 in Unarmed Combat
  1165 | D        | Killed a deep elf mage
  1174 | D        | Killed a deep elf knight
  1178 | D        | Killed a deep elf mage
  1178 | D        | Reached skill level 17 in Unarmed Combat
  1402 | D        | Reached skill level 10 in Fighting
  1422 | D        | Noticed a spiny frog
  1422 | D        | Noticed a spiny frog
  1426 | D        | Killed a spiny frog
  1429 | D        | Killed a spiny frog
  1465 | D        | Noticed Edmund
  1467 | D        | Noticed Sigmund
  1515 | D        | Killed from afar by Sigmund

Skill      XL: |  1  2  3  4  5  6  7  8  9 10 |
---------------+-------------------------------+-----
Fighting       | 1 3 4 6 8 10 | 10.4
Unarmed Combat | 3 4 9 11 13 15 17 | 17.8
Conjurations   | 1 3 4 |  4.2
Fire Magic     | 1 3 |  3.1
Air Magic      | 1 2 |  2.8
Poison Magic   | 1 3 |  3.1
Dodging        | 3 |  3.5
Spellcasting   | 3 4 |  4.3
Translocations | 2 |  2.5
Hexes          | 2 |  2.7
Stealth        | |  1.0
Summonings     | |  0.6

Action                   |  1- 3 |  4- 6 |  7- 9 | 10-12 || total
-------------------------+-------+-------+-------+-------++-------
Melee: Unarmed           |    19 |    18 |   115 |    40 ||   192
       Punch             |       |     2 |     6 |     4 ||    12
Throw: Throwing net      |       |       |       |     4 ||     4
 Cast: Mephitic Cloud    |     1 |     2 |    13 |     5 ||    21
       Conjure Flame     |       |     1 |     7 |     3 ||    11
       Magic Dart        |       |     1 |       |       ||     1
       Blink             |       |       |     2 |       ||     2
Invok: Call Merchant     |       |       |     5 |     2 ||     7
  Use: Potion            |       |     1 |       |     1 ||     2
       Scroll            |       |       |     3 |       ||     3
 Stab: Sleeping          |     1 |       |       |       ||     1
       Confused          |       |     2 |     5 |     1 ||     8
       Distracted        |       |       |     1 |       ||     1
  Eat: Chunk             |     4 |     1 |       |       ||     5
       Ration            |       |       |     2 |     1 ||     3
Armor: Robe              |     2 |       |     4 |     3 ||     9
Dodge: Dodged            |     2 |     5 |    27 |    17 ||    51
